 Dungeon Crawl Stone Soup version 0.16-a0-3061-g1c4ddba (webtiles) character file.

93 Grim the Firebug (level 4, -3/24 HPs)
             Began as a Tengu Fire Elementalist on Dec 10, 2014.
             Killed from afar by a kobold (15 damage)
             ... with a wand of cold
             ... on level 3 of the Dungeon.
             The game lasted 00:15:48 (3854 turns).

Grim the Firebug (Tengu Fire Elementalist)          Turns: 3854, Time: 00:15:48

Health: -3/24      AC:  2    Str:  9    XL:     4   Next: 61%
Magic:  0/8        EV: 12    Int: 16    God:
Gold:   172        SH:  0    Dex: 14    Spells: 3 memorised, 1 level left

rFire  . . .     SeeInvis .     o - +2 dagger (elec)
rCold  . . .     Clarity  .     a - +0 robe
rNeg   . . .     SustAb   .     (no shield)
rPois  .         Gourm    .     (helmet restricted)
rElec  .         Spirit   .     (no cloak)
rCorr  .         Warding  .     (no gloves)
rMut   .         Stasis   .     (boots unavailable)
MR     .....                    (no amulet)
Stlth  ++........               (no ring)
                                (no ring)

@: not resistant to hostile enchantments, unstealthy
A: beak, talons 3
a: no special abilities


You were on level 3 of the Dungeon.
You were very hungry.

You visited 1 branch of the dungeon, and saw 3 of its levels.

You collected 172 gold pieces.

Inventory:

Hand weapons
 l - a +0 dagger
 o - a +2 dagger of electrocution (weapon)
Armour
 a - a +0 robe (worn)
Scrolls
 e - 2 scrolls of enchant armour {unknown}
 f - 3 scrolls of teleportation {unknown}
 g - a scroll of amnesia {unknown}
 h - a scroll of immolation {unknown}
 j - a scroll of enchant weapon {unknown}
 p - a scroll of blinking {unknown}
Potions
 d - 3 potions of curing {unknown}
 k - a potion of ambrosia {unknown}
 m - a potion of brilliance {unknown}
 n - a potion of might {unknown}
Books
 b - a book of Flames

   Spells                             Type                      Level
   a - Flame Tongue                   Conjuration/Fire             1
   b - Throw Flame                    Conjuration/Fire             2
   c - Conjure Flame                  Conjuration/Fire             3
   d - Inner Flame                    Hexes/Fire                   3
   e - Sticky Flame                   Conjuration/Fire             4
   f - Fireball                       Conjuration/Fire             5
Comestibles
 c - 2 bread rations
 i - a meat ration


   Skills:
 - Level 2.1 Dodging
 - Level 2.0 Stealth
 - Level 2.0 Spellcasting
 - Level 1.3 Conjurations
 + Level 5.7 Fire Magic


You had one spell level left.
You knew the following spells:

 Your Spells              Type           Power        Failure   Level  Hunger
a - Flame Tongue          Conj/Fire      ##...        6%          1    #......
b - Throw Flame           Conj/Fire      ##....       10%         2    ###....
c - Conjure Flame         Conj/Fire      ##......     14%         3    ###....


Dungeon Overview and Level Annotations

Branches:
Dungeon (3/15)

Altars:
The Shining One


Innate Abilities, Weirdness & Mutations

You have a beak for a mouth.
You have claws for feet.


Message History

You can't see any susceptible monsters within range! (Use Z to cast anyway.) Firing (i - inventory): No suitable missiles.
Press: ? - help, Shift-Dir - straight line, f/p - kobold
Aim: a kobold, wearing a scale mail and carrying a wand of cold {zapped: 1} (severely wounded)
Okay, then.
A goblin comes into view. It is wielding a club.
Casting: Throw Flame
Confirm with . or Enter, or press ? or * to list all spells.
Aiming: Flame Tongue
Press: ? - help, Shift-Dir - straight line, f/p - kobold
Aim: a kobold, wearing a scale mail and carrying a wand of cold {zapped: 1} (heavily wounded)
The flame tongue hits the kobold.
The kobold appears unharmed.
The kobold is heavily wounded.
You are feeling very hungry.
The kobold zaps a wand.
The bolt of cold misses you.
You hit the kobold but do no damage.
The kobold is heavily wounded.
The kobold zaps a wand.
The bolt of cold hits you!
Ouch! That really hurt!
You die...

... .........
...........
..............
........(.......
....g............
#.........†.......
#................
#....K@..........
#.#...............
##..)...........
......#.............
.....#.......#.####
.... #.###.#.# #
....#. #.###.#
...#+###.....#
#........####


You could see a goblin and a kobold.

Vanquished Creatures
  Robin (D:3)
  2 adders (D:2)
  2 worms (D:2)
  3 giant geckos
  An orc (D:3)
  3 giant cockroaches
  7 hobgoblins
  2 ball pythons
  4 bats
  2 giant newts
  12 goblins
  5 kobolds
  5 rats
49 creatures vanquished.

Notes
Turn   | Place    | Note
--------------------------------------------------------------
     0 | D:1      | Grim, the Tengu Fire Elementalist, began the quest for the Orb.
     0 | D:1      | Reached XP level 1. HP: 10/10 MP: 3/3
   449 | D:1      | Reached XP level 2. HP: 15/15 MP: 3/5
  1021 | D:1      | Reached skill level 4 in Fire Magic
  1560 | D:2      | Noticed Robin
  1562 | D:2      | Reached XP level 3. HP: 19/19 MP: 1/7
  1963 | D:3      | Killed Robin
  2490 | D:2      | Reached skill level 5 in Fire Magic
  2524 | D:2      | Learned a level 2 spell: Throw Flame
  2776 | D:2      | Reached XP level 4. HP: 24/24 MP: 4/8
  3097 | D:2      | Found a glowing golden altar of the Shining One.
  3540 | D:2      | Learned a level 3 spell: Conjure Flame
  3854 | D:3      | Killed from afar by a kobold

Action                   |  1- 3 |  4- 6 || total
-------------------------+-------+-------++-------
Melee: Unarmed           |    11 |       ||    11
       Dagger            |    13 |    12 ||    25
 Cast: Flame Tongue      |    50 |     5 ||    55
       Throw Flame       |     6 |    25 ||    31
 Stab: Sleeping          |       |     1 ||     1
  Eat: Meat ration       |     1 |       ||     1
       Chunk             |     2 |     4 ||     6
